 Dungeon Crawl Stone Soup version 0.31-a0-95-g6fa058ef04 (webtiles) character file.

Game seed: 602619205180601522

42 edwardauron the Shooter (level 3, -1/29 HPs)
             Began as a Demigod Hunter on May 25, 2023.
             Slain by a cerulean imp
             ... wielding a +1 spear
             ... summoned by Natasha
              (6 damage)
             ... on level 2 of the Dungeon.
             The game lasted 00:01:04 (1095 turns).

edwardauron the Shooter (Demigod Hunter)            Turns: 1095, Time: 00:01:05

Health: -1/29      AC:  3    Str: 12    XL:     3   Next: 17%
Magic:  5/5        EV: 12    Int: 11    God:
Gold:   80         SH:  0    Dex: 21    Spells: 2/2 levels left

rFire   . . .        a - +0 shortbow
rCold   . . .        (shield currently unavailable)
rNeg    . . .        c - +0 leather armour
rPois   .            (no helmet)
rElec   .            (no cloak)
rCorr   .            (no gloves)
SInv    .            (no boots)
Will    .....        (no amulet)
Stlth   ++           (no ring)
HPRegen 0.24/turn    (no ring)
MPRegen 0.09/turn

%: no passive effects
@: no status effects
A: high MP 1, forlorn, divine attributes
a: no special abilities


You were on level 2 of the Dungeon.
You visited 1 branch of the dungeon, and saw 2 of its levels.

You collected 80 gold pieces.

Inventory:

Hand Weapons
 a - a +0 shortbow (weapon)
Armour
 c - a +0 leather armour (worn)
Wands
 k - a wand of paralysis (7)
Scrolls
 b - a scroll of immolation
 e - 4 scrolls of identify {unknown}
 f - a scroll of poison {unknown}
 g - 2 scrolls of fear {unknown}
 h - 2 scrolls of teleportation {unknown}
 j - a scroll of magic mapping {unknown}
Potions
 d - a potion of magic {unknown}
 i - a potion of curing {unknown}


   Skills:
 - Level 1.7 Fighting
 * Level 4.6 Ranged Weapons
 + Level 2.1 Dodging
 - Level 0.8 Stealth


You had 2 spell levels left.
You didn't know any spells.
Your spell library was empty.

Dungeon Overview and Level Annotations

Branches:
Dungeon (2/15)

Shops:
D:1 !

Annotations:
D:2 Natasha


Innate Abilities, Weirdness & Mutations

You have an increased reservoir of magic. (+10% MP)
You shall have no god before yourself.
Your divine heritage dramatically boosts your attributes as you level up.


Message History

The arrow hits the cerulean imp but does no damage.
The cerulean imp is heavily wounded.
The cerulean imp hits you from afar with a +1 spear.
The cerulean imp barely misses you.
You shoot an arrow.
The arrow closely misses the cerulean imp.
The arrow hits Natasha.
Natasha is moderately wounded.
The cerulean imp hits you from afar with a +1 spear.
The cerulean imp misses you.
You shoot an arrow.
The arrow closely misses the cerulean imp.
The cerulean imp completely misses you.
The cerulean imp hits you from afar with a +0 spear.
Natasha mumbles some strange words.
You shoot an arrow.
The arrow closely misses the cerulean imp.
The cerulean imp hits you from afar with a +1 spear.
The cerulean imp hits you from afar with a +0 spear.
You shoot an arrow. The arrow hits Natasha.
Natasha is heavily wounded.
The cerulean imp closely misses you.
The cerulean imp hits you from afar with a +0 spear.
Natasha barely misses you.
The cerulean imp hits you from afar with a +0 spear.
The cerulean imp hits you from afar with a +1 spear.
The cerulean imp hits you but does no damage.
Natasha attacks as you move away! Natasha claws you but does no damage.
Natasha casts a spell at you. The magic dart hits you!
* * * LOW HITPOINT WARNING * * *
Fire: a) +0 shortbow
Press: ? - help, Q - select action, (/) - cycle Shift-Dir - straight line, f/p - Natasha
Aim: Natasha (heavily wounded, 58% to hit)
You shoot an arrow. The arrow barely misses Natasha.
The arrow hits the cerulean imp.
The cerulean imp is severely wounded.
Natasha closely misses you.
The cerulean imp hits you from afar with a +1 spear.
You die...

<..######. ...##......!.
.########.# ...#.......
..........# ........#
###.##########.......##
.##....###...##.......#
..##...##.....##55....#
...#...#.......#5##.#
...'...'..†.(..#h##.#
...#...#.......#@##.#
..##...##.....##.##.#
.###.).###...###....# ##
#...# ##### #..#.#####
.###...###...###....<...#
..##...##.....##...###.##.
...#...#.......#.#.###....
...'.(.'....)..#........#.
...#...#.......#..........


You could see Natasha and 3 cerulean imps.

Vanquished Creatures
  2 adders (D:2)
  2 endoplasms
  A giant cockroach (D:1)
  4 goblins (D:1)
  A hobgoblin (D:1)
  2 quokkas (D:1)
  4 ball pythons
  A bat (D:1)
  3 frilled lizards (D:2)
  A kobold (D:1)
  4 rats
25 creatures vanquished.

Notes
Turn   | Place    | Note
-------+----------+-------------------------------------------
     0 | D:1      | edwardauron the Demigod Hunter began the quest for the Orb.
     0 | D:1      | Reached XP level 1. HP: 17/17 MP: 3/3
   123 | D:1      | Found Lefukkok's Distillery.
   227 | D:1      | Reached skill level 4 in Ranged Weapons
   360 | D:1      | Reached XP level 2. HP: 24/24 MP: 4/4
   827 | D:2      | Reached XP level 3. HP: 12/29 MP: 5/5
  1083 | D:2      | Noticed Natasha
  1095 | D:2      | Slain by a cerulean imp

Illustrated notes

Levels and vault maps discovered:
D:1:      dpeg_arrival_snail, layout_basic, serial_shops, nicolae_square_shop,
          chequers_ecumenical_altar_island
D:2:      kennysheep_six_static_rooms, layout_basic, minmay_cut_off,
          uniq_natasha

Skill      XL: |  1  2 |
---------------+-------+-----
Ranged Weapons | 4 |  4.6
Dodging        | 2 |  2.1
Fighting       | |  1.7
Stealth        | |  0.8

Action                     || total
---------------------------++-------
   Fire: Shortbow          ||    78
 Armour: Leather armour    ||     8
  Dodge: Dodged            ||    18

Table legend: (Time is in decaauts)
 A = Elapsed time spent in this place.
 B = Non-inter-level travel time spent in this place.
 C = Inter-level travel time spent in this place.
 D = Time resting spent in this place.
 E = Time spent auto-exploring this place.
 F = Levels seen in this place.
 G = Mean time per level.
                   A        B        C        D        E       F      G
               +--------+--------+--------+--------+--------+-----+--------+
         Total |   1113 |   1093 |     20 |    172 |    782 |   2 |  556.5 |
       Dungeon |   1113 |   1093 |     20 |    172 |    782 |   2 |  556.5 |
               +--------+--------+--------+--------+--------+-----+--------+

Top non-repeatable levels by time:
     D:1: 650 daAuts
     D:2: 463 daAuts
